 Dungeon Crawl Stone Soup version 0.19.0-9-gfd783f2 (webtiles) character file.

2204 mistymad the Zephyrmancer (level 9, 0/67 HPs)
             Began as a Tengu Air Elementalist on Nov 7, 2016.
             Was a Follower of Sif Muna.
             Slain by a wraith (4 damage)
             ... on level 7 of the Dungeon.
             The game lasted 00:26:54 (7910 turns).

mistymad the Zephyrmancer (Tengu Air Elementalist)  Turns: 7910, Time: 00:26:54

Health: 0/67       AC: 24    Str:  8    XL:     9   Next: 34%
Magic:  7/19       EV:  2    Int: 19    God:    Sif Muna [*.....]
Gold:   272        SH:  0    Dex: 15    Spells: 6 memorised, 9 levels left

rFire  . . .     SeeInvis .     x - +3 dagger (venom)
rCold  . . .     Gourm    .     (armour currently unavailable)
rNeg   + + +     Faith    .     (no shield)
rPois  +         Spirit   .     (helmet currently unavailable)
rElec  .         Reflect  .     (cloak currently unavailable)
rCorr  .         Harm     .     (gloves currently unavailable)
MR     .....     NoTele   +     (boots unavailable)
Stlth  +++.......               (no amulet)
                                C - ring of stealth (curse)
                                e - ring of poison resistance

@: tree-form, very slightly contaminated, hasted and slowed, repel missiles,
divine energy
A: (beak), (talons 0), able to fly 1
a: Fly, Stop Divine Energy, Renounce Religion


You were on level 7 of the Dungeon.
You worshipped Sif Muna.
Sif Muna was aware of your devotion.
You were hungry.
You were a tree.
You visited 2 branches of the dungeon, and saw 8 of its levels.

You collected 272 gold pieces.

Inventory:

Hand Weapons
 x - a +3 dagger of venom (weapon)
Armour
 a - a +1 robe (melded)
 d - a +2 cloak (melded)
 l - a +2 buckler
Jewellery
 e - a ring of poison resistance (left branch)
 n - a +2 ring of dexterity
 u - an uncursed amulet of the gourmand {unknown}
 C - a cursed ring of stealth (right branch)
Wands
 h - a wand of iceblast (7/15)
 q - a wand of slowing (14/48)
 y - a wand of hasting (8/9)
 A - a wand of iceblast (8/15)
 D - a wand of confusion (15/48)
Scrolls
 f - a scroll of enchant armour
 s - 2 scrolls of enchant weapon
 w - a scroll of remove curse
 z - a scroll of recharging
 F - a scroll of identify
Potions
 i - a potion of invisibility {unknown}
 j - a potion of mutation {unknown}
 m - a potion of beneficial mutation
 p - a potion of curing
 r - a potion of cure mutation
 t - a potion of might {unknown}
 v - 2 potions of brilliance {unknown}
 E - a potion of flight {unknown}
 H - a potion of resistance {unknown}
Books
 b - a book of Air

   Spells                             Type                      Level
   a - Shock                          Conjuration/Air              1
   b - Swiftness                      Charms/Air                   2
   c - Repel Missiles                 Charms/Air                   2
   d - Static Discharge               Conjuration/Air              3
   e - Lightning Bolt                 Conjuration/Air              5
 G - a book of Cantrips

   Spells                             Type                      Level
   a - Confusing Touch                Hexes                        1
   b - Animate Skeleton               Necromancy                   1
   c - Summon Small Mammal            Summoning                    1
   d - Apportation                    Translocation                1
Comestibles
 c - 5 bread rations
 g - 4 chunks of flesh
 o - 2 beef jerkies
 B - 3 fruits


   Skills:
 - Level 2.1 Dodging
 - Level 2.0 Stealth
 + Level 6.5 Spellcasting
 + Level 9.3 Conjurations
 + Level 10.1 Air Magic


You had 9 spell levels left.
You knew the following spells:

 Your Spells              Type           Power        Failure   Level  Hunger
a - Shock                 Conj/Air       ####         1%          1    None
b - Repel Missiles        Chrm/Air       ####..       1%          2    None
c - Swiftness             Chrm/Air       ####....     1%          2    None
d - Lightning Bolt        Conj/Air       #####.....   8%          5    #####..
e - Apportation           Tloc           #.........   12%         1    None
f - Animate Skeleton      Necr           N/A          12%         1    None


Dungeon Overview and Level Annotations

Branches:
Dungeon (7/15)             Temple (1/1) D:5

Altars:
Ashenzari
Dithmenos
Elyvilon
Fedhas
Gozag
Hepliaklqana
Kikubaaqudgha
Makhleb
Nemelex Xobeh
Okawaru
Qazlal
Ru
Sif Muna
Trog
Uskayaw
Vehumet
Zin
The Shining One


Innate Abilities, Weirdness & Mutations

((You have a beak for a mouth.))
((You have claws for feet.))
You can fly.


Message History

Okay, then.
Evoke which item? (* to show all) (? for menu, Esc to quit)
Zapping:
y - a wand of hasting (9/9)
Press: ? - help, Shift-Dir - straight line, f - you, p - wraith You feel yourself speed up.
You are very lightly contaminated with residual magic.
This wand has 8 charges left.
The wraith hits you!
* * * LOW HITPOINT WARNING * * *
The wraith drains your vigour!
You feel as though you will be slow longer.
You take 9 damage, and have 8/45 hp.
You feel better. The wraith hits you!
* * * LOW HITPOINT WARNING * * *
You take 5 damage, and have 3/45 hp.
Okay, then.
Okay, then.
You turn into a tree.
Your +2 cloak melds into your body.
Your +1 robe melds into your body.
Your roots penetrate the ground.
The wraith hits you.
You die...

#.........# #...########### #
#...# #.....># #. #...#
#......# . ##.## #......#######
#. #.# #......##....# #.# #.#
#......####.###
#####..####.#####......##§...§#
.............W♣.........#.....#
######..###.#####...)..)..._...
##.###.### #...#####.....#
########.#...)(# #...# #§...§#
#......#.......# #...# ###.###
#......##.)....# ##### #....
#..)...##.##.### #####
#..........#.# #..........#.#


You could see a wraith.

Vanquished Creatures
  A shadow (D:7)
  Menkaure (D:4)
  Edmund (D:4)
  3 orc warriors
  A phantom (D:7)
  2 ice beasts
  A necrophage (D:6)
  An ogre (D:4)
  Blork the orc (D:4)
  2 bullfrogs
  A howler monkey (D:7)
  2 crimson imps
  A bullfrog skeleton (D:6)
  5 orc priests
  2 iguanas (D:6)
  2 orc wizards
  Terence (D:3)
  6 worker ants
  A hound skeleton (D:7)
  11 adders
  2 shadow imps (D:5)
  2 oozes
  2 adder skeletons (D:6)
  A worm (D:4)
  15 dart slugs
  3 leopard geckos
  24 orcs
  3 ball pythons
  8 giant cockroaches
  4 goblins
  6 hobgoblins
  11 jackals
  7 quokkas
  11 bats
  4 frilled lizards
  8 kobolds
  A quokka skeleton (D:4)
  3 quokka zombies (D:6)
  12 rats
173 creatures vanquished.

Vanquished Creatures (collateral kills)
  A hound skeleton (D:6)
  An orc (D:6)
2 creatures vanquished.

Grand Total: 175 creatures vanquished

Notes
Turn   | Place    | Note
-------+----------+-------------------------------------------
     0 | D:1      | mistymad the Tengu Air Elementalist began the quest for the Orb.
     0 | D:1      | Reached XP level 1. HP: 10/10 MP: 4/4
   226 | D:1      | Reached XP level 2. HP: 15/15 MP: 0/6
   271 | D:1      | Learned a level 2 spell: Repel Missiles
   275 | D:1      | Learned a level 2 spell: Swiftness
   604 | D:1      | Reached XP level 3. HP: 11/19 MP: 0/7
  1560 | D:2      | Reached XP level 4. HP: 24/24 MP: 5/9
  1867 | D:2      | Reached skill level 5 in Air Magic
  2388 | D:3      | Gained mutation: You can fly. [Tengu growth]
  2388 | D:3      | Reached XP level 5. HP: 28/28 MP: 4/10
  2574 | D:3      | Found an iron altar of Okawaru.
  2909 | D:3      | Found a shadowy altar of Dithmenos.
  2935 | D:3      | Noticed Terence
  2950 | D:3      | Killed Terence
  3090 | D:4      | Noticed an ogre
  3146 | D:4      | Killed an ogre
  3146 | D:4      | Reached skill level 6 in Air Magic
  3146 | D:4      | Reached XP level 6. HP: 4/32 MP: 4/12
  3497 | D:4      | Reached skill level 5 in Conjurations
  3654 | D:4      | Noticed Blork the orc
  3684 | D:4      | Killed Blork the orc
  3776 | D:4      | Learned a level 5 spell: Lightning Bolt
  3863 | D:4      | Noticed Menkaure
  3868 | D:4      | Killed Menkaure
  3868 | D:4      | Reached XP level 7. HP: 27/36 MP: 8/14
  3944 | D:4      | Noticed Edmund
  4062 | D:4      | Killed Edmund
  4062 | D:4      | Reached skill level 7 in Air Magic
  4590 | D:4      | Found a hide-covered altar of Uskayaw.
  4827 | D:5      | Entered Level 5 of the Dungeon
  4900 | D:5      | Reached XP level 8. HP: 26/41 MP: 5/16
  5102 | D:5      | Found a staircase to the Ecumenical Temple.
  5121 | D:5      | Reached skill level 8 in Air Magic
  5122 | D:5      | Reached skill level 5 in Spellcasting
  5205 | D:5      | Found a faded altar of an unknown god.
  5205 | D:5      | Found a glowing silver altar of Zin.
  5210 | D:5      | Found a faded altar of an unknown god.
  5212 | D:5      | Found a faded altar of an unknown god.
  5216 | D:5      | Found a faded altar of an unknown god.
  5284 | D:5      | Learned a level 1 spell: Apportation
  5286 | D:5      | Learned a level 1 spell: Animate Skeleton
  5410 | D:5      | Found an opulent altar of Gozag.
  5443 | Temple   | Entered the Ecumenical Temple
  5465 | Temple   | Became a worshipper of Sif Muna the Loreminder
  6278 | D:6      | Reached skill level 9 in Air Magic
  6281 | D:6      | Found a burning altar of Makhleb.
  6502 | D:6      | Found a glowing golden altar of the Shining One.
  6885 | D:6      | Reached * piety under Sif Muna
  6885 | D:6      | Reached XP level 9. HP: 45/45 MP: 12/19
  7426 | D:7      | Found a bloodstained altar of Trog.
  7487 | D:7      | Found a stormy altar of Qazlal.
  7610 | D:7      | Reached skill level 10 in Air Magic
  7885 | D:7      | Found a blossoming altar of Fedhas.
  7910 | D:7      | Slain by a wraith

Skill      XL: |  1  2  3  4  5  6  7  8  9 |
---------------+----------------------------+-----
Conjurations   | 2 3 4 5 6 8 9 |  9.3
Air Magic      | 5 6 7 9 10 | 10.1
Spellcasting   | 3 4 6 |  6.5
Dodging        | |  2.1
Stealth        | |  2.0

Action                   |  1- 3 |  4- 6 |  7- 9 || total
-------------------------+-------+-------+-------++-------
Melee: Unarmed           |    13 |     5 |       ||    18
       Kick              |     4 |     4 |       ||     8
       Peck              |     2 |     2 |     1 ||     5
       Short sword       |       |     4 |       ||     4
       Dagger            |       |       |     4 ||     4
 Cast: Shock             |    66 |   141 |   207 ||   414
       Repel Missiles    |     1 |       |     1 ||     2
       Lightning Bolt    |       |       |    20 ||    20
       Animate Skeleton  |       |       |     3 ||     3
       Swiftness         |       |       |     2 ||     2
Invok: Divine Energy     |       |       |     1 ||     1
 Abil: Fly               |       |     2 |     2 ||     4
Evoke: Wand              |       |       |     1 ||     1
  Use: Scroll            |       |     7 |     9 ||    16
       Potion            |       |       |     2 ||     2
  Eat: Chunk             |     3 |     7 |    16 ||    26
       Royal jelly       |       |       |     1 ||     1
Armor: Robe              |    11 |    10 |    22 ||    43
Dodge: Dodged            |    22 |    25 |    55 ||   102
       Deflected         |     2 |     2 |       ||     4
